 Dungeon Crawl Stone Soup version 0.19.4-9-g45fd643 (webtiles) character file.

35 oplop the Chiller (level 3, -3/19 HPs)
             Began as an Octopode Ice Elementalist on Feb 20, 2017.
             Slain by a hobgoblin (5 damage)
             ... on level 2 of the Dungeon.
             The game lasted 00:02:35 (1362 turns).

oplop the Chiller (Octopode Ice Elementalist)       Turns: 1362, Time: 00:02:36

Health: -3/19      AC:  1    Str:  7    XL:     3   Next: 35%
Magic:  7/7        EV: 13    Int: 18    God:
Gold:   50         SH:  0    Dex: 12    Spells: 1 memorised, 6 levels left

rFire  + + .     SeeInvis .     f - +0 dagger (elec)
rCold  + . .     Gourm    .     (no shield)
rNeg   . . .     Faith    .     (helmet restricted)
rPois  +         Spirit   .     (no amulet)
rElec  +         Reflect  .     (no ring)
rCorr  +         Harm     .     (no ring)
MR     .....                    (no ring)
Stlth  +++.......               (no ring)
                                (no ring)
                                (no ring)
                                (no ring)
                                (no ring)

@: resistant
A: almost no armour, stealthy swim, amphibious, 8 rings, constrict 8, camouflage
1, fire resistance 1, frail 1, gelatinous body 1
a: no special abilities


You were on level 2 of the Dungeon.
You were not hungry.

You visited 1 branch of the dungeon, and saw 2 of its levels.

You collected 50 gold pieces.

Inventory:

Hand Weapons
 f - a +0 dagger of electrocution (weapon)
Scrolls
 d - a scroll of recharging {unknown}
 e - 3 scrolls of identify {unknown}
 g - a scroll of fear {unknown}
 h - 2 scrolls of blinking {unknown}
 k - a scroll of enchant armour {unknown}
 m - a scroll of remove curse {unknown}
Potions
 c - a potion of resistance
 i - a potion of mutation
 j - a potion of heal wounds {unknown}
Books
 a - a book of Frost

   Spells                             Type                      Level
   a - Freeze                         Ice                          1
   b - Throw Frost                    Conjuration/Ice              2
   c - Ozocubu's Armour               Charms/Ice                   3
   d - Throw Icicle                   Conjuration/Ice              4
   e - Summon Ice Beast               Ice/Summoning                4
Comestibles
 b - a bread ration
 l - 4 fruits
 n - a chunk of flesh


   Skills:
 + Level 0.8 Fighting
 - Level 2.0 Dodging
 - Level 2.6 Stealth
 * Level 2.7 Spellcasting
   Level 1.0 Conjurations
 * Level 3.5 Ice Magic


You had 6 spell levels left.
You knew the following spells:

 Your Spells              Type           Power        Failure   Level  Hunger
a - Freeze                Ice            ###.         4%          1    None


Dungeon Overview and Level Annotations

Branches:
Dungeon (2/15)

Altars:
Trog

Annotations:
D:2 Jessica


Innate Abilities, Weirdness & Mutations

You cannot wear most types of armour.
You are very stealthy in the water. (Stealth+)
You are amphibious.
You can wear up to eight rings at the same time.
You can use your tentacles to constrict eight enemies at once.
Your skin changes colour to match your surroundings (Stealth+).
Your rubbery body absorbs attacks. (AC +1, EV +1)
Your flesh is heat resistant. (rF+)
You are frail. (-10% HP)


Message History

There is a stone staircase leading up here.
The leopard gecko barely misses you. Jessica gestures at you while chanting.
Pain shoots through your body! The jackal bites you.
* * * LOW HITPOINT WARNING * * *
The leopard gecko bites you.
* * * LOW HITPOINT WARNING * * *
The jackal barely misses you.
There is a stone staircase leading up here.
Found an escape hatch in the ceiling.
The leopard gecko barely misses you.
It was a potion of resistance.
You feel protected. The leopard gecko bites you.
* * * LOW HITPOINT WARNING * * *
It was a potion of mutation.
You feel extremely strange.
You feel frail.
You feel resistant to heat. The leopard gecko barely misses you.
The hobgoblin hits you.
You die...

#.....# #.....# ..#.
#....<# ##.#. #.....#
#.... ####.....
#....##. ....##
....... #....# #
....# #@#..#
#..##..####lg..#
#......##..h.#.#
###...##...@#.## #
......###......#
...........#...#
.............<.#..##
.....##..#...........
.##........###.###...


You could see Jessica, a leopard gecko, a jackal and a hobgoblin.

Vanquished Creatures
  A gnoll (D:1)
  A dart slug (D:2)
  4 bats (D:1)
  A giant cockroach (D:1)
  2 goblins (D:1)
  A hobgoblin (D:1)
  3 jackals (D:1)
  6 kobolds (D:1)
  A ball python (D:1)
  A frilled lizard (D:2)
  A rat (D:1)
22 creatures vanquished.

Notes
Turn   | Place    | Note
-------+----------+-------------------------------------------
     0 | D:1      | oplop the Octopode Ice Elementalist began the quest for the Orb.
     0 | D:1      | Reached XP level 1. HP: 11/11 MP: 3/3
   320 | D:1      | Reached XP level 2. HP: 13/18 MP: 5/5
   590 | D:1      | Reached XP level 3. HP: 14/22 MP: 5/7
  1001 | D:2      | Found a bloodstained altar of Trog.
  1023 | D:2      | Noticed Jessica
  1362 | D:2      | Gained mutation: You are frail. (-10% HP) [potion of mutation]
  1362 | D:2      | Gained mutation: Your flesh is heat resistant. (rF+) [potion of mutation]
  1362 | D:2      | Slain by a hobgoblin

Action                   || total
-------------------------++-------
Melee: Unarmed           ||    22
       Constrict         ||    15
       Tentacles         ||    11
       Dagger            ||    27
 Cast: Freeze            ||     5
  Use: Potion            ||     2
 Stab: Sleeping          ||     7
  Eat: Chunk             ||     1
Armor: Skin              ||     8
Dodge: Dodged            ||    48
